 Dungeon Crawl Stone Soup version 0.31-a0-1603-gbec6b6ccbf (webtiles) character file.

Game seed: 655398472909588998

14691 grandjackal the Fighter (level 11, -2/96 HPs)
             Began as a Demonspawn Fighter on Jan 8, 2024.
             Was a High Priest of Okawaru.
             Incinerated by a deep elf pyromancer (18 damage)
             ... with a pyre arrow
             ... on level 12 of the Dungeon.
             The game lasted 00:16:42 (13272 turns).

grandjackal the Fighter (Demonspawn Fighter)       Turns: 13272, Time: 00:16:43

Health: -2/96      AC: 27    Str: 21    XL:     11   Next: 92%
Magic:  19/19      EV:  5    Int:  8    God:    Okawaru [*****.]
Gold:   686        SH:  5    Dex: 13    Spells: 10/10 levels left

rFire   x x .        I - +0 broad axe (protect)
rCold   x x .        c - +0 buckler
rNeg    . . .        k - +0 plate armour {Will+}
rPois   +            (no helmet)
rElec   .            (cloak unavailable)
rCorr   .            (no gloves)
SInv    .            a - +1 pair of boots {Fly}
Will    +....        L - amulet of Elemental Vulnerability {rPois rF-- rC-- AC+8} Stlth
                     q - ring of poison resistance
HPRegen 0.36/turn    (no ring)
MPRegen 0.32/turn

%: no passive effects
@: on fire, sanguine armoured, flying, glowing
A: ignite blood 1, magic regeneration, sanguine armour 1, weakness stinger 3
a: Renounce Religion, Heroism, Finesse, Duel


You were on level 12 of the Dungeon.
You worshipped Okawaru.
Okawaru was extremely pleased with you.
You visited 1 branch of the dungeon, and saw 12 of its levels.
You also visited: Bailey.

You collected 686 gold pieces.

Inventory:

Hand Weapons
 I - a +0 broad axe of protection (weapon)
 K - a +0 morningstar
Missiles
 f - 34 poisoned darts
 g - 30 boomerangs (quivered)
 B - 3 throwing nets
Armour
 a - a +1 pair of boots of flying (worn)
 b - a +0 scale mail
 c - a +0 buckler (worn)
 k - a +0 plate armour of willpower (worn)
 N - a +0 kite shield
Jewellery
 j - a ring of ice
 q - a ring of poison resistance (left hand)
 A - the amulet "Ybuesomy" {RegenMP Rampage rElec Str-5 Stlth+}
   (You found it on level 7 of the Dungeon)

   [amulet of magic regeneration]

   RegenMP:   It increases your rate of magic regeneration.
   Str-5:     It affects your strength (-5).
   rElec:     It insulates you from electricity.
   Rampage:   It bestows one free step when moving towards enemies.
   Stlth+:    It makes you more stealthy.
 J - a ring of flight
 L - the amulet of Elemental Vulnerability (around neck) {rPois rF-- rC-- AC+8}
   (You found it on level 8 of the Dungeon)

   [amulet of nothing]

   AC+8:      It affects your AC (+8).
   rF--:      It makes you very vulnerable to fire.
   rC--:      It makes you very vulnerable to cold.
   rPois:     It protects you from poison
Wands
 o - a wand of charming (10)
 s - a wand of flame (34)
 D - a wand of roots (15)
 O - a wand of mindburst (10)
Scrolls
 h - 7 scrolls of noise {unknown}
 i - 4 scrolls of fear {unknown}
 m - 4 scrolls of teleportation {unknown}
 n - a scroll of vulnerability
 r - 2 scrolls of amnesia {unknown}
 u - a scroll of immolation
 w - a scroll of identify
 y - a scroll of silence {unknown}
 z - 4 scrolls of blinking {unknown}
 F - 2 scrolls of poison {unknown}
 G - 2 scrolls of revelation
 M - 2 scrolls of fog
 P - a scroll of summoning {unknown}
Potions
 d - a potion of might
 e - a potion of magic
 l - 11 potions of curing
 p - 2 potions of cancellation
 t - 2 potions of lignification
 v - 2 potions of berserk rage
 x - a potion of invisibility {unknown}
 C - 2 potions of resistance
 E - 4 potions of haste
 H - 5 potions of enlightenment


   Skills:
 + Level 12.5 Fighting
 + Level 11.2 Axes
 - Level 3.1 Armour
 - Level 4.0 Shields
 + Level 11.2 Invocations


You had 10 spell levels left.
You didn't know any spells.
Your spell library contained the following spells:

 Spells                   Type           Power      Damage    Failure   Level
 Foxfire                  Conj/Fire      0%         2x1d4     100%        1
 Mercury Vapours          Alch/Air       0%         N/A       100%        2
 Fugue of the Fallen      Necr           0%         N/A       100%        3
 Mephitic Cloud           Conj/Alch/Air  0%         N/A       100%        3
 Ozocubu's Armour         Ice            0%         N/A       100%        3
 Ignite Poison            Fire/Alch      0%         N/A       100%        4
 Manifold Assault         Tloc           0%         N/A       100%        4
 Sticky Flame             Fire/Alch      0%         2d4       100%        4
 Freezing Cloud           Conj/Ice/Air   0%         6-21      100%        5
 Metabolic Englaciation   Hex/Ice        0%         N/A       100%        5
 Conjure Ball Lightning   Conj/Air       0%         3x3d6     100%        6
 Plasma Beam              Fire/Air       0%         2x1d10    100%        6
 Starburst                Conj/Fire      0%         6d3       100%        6
 Borgnjor's Revivificati  Necr           0%         N/A       100%        8
 Discord                  Hex            0%         N/A       100%        8
 Disjunction              Tloc           0%         N/A       100%        8
 Ignition                 Fire           0%         3d3       100%        8
 Sculpt Simulacrum        Ice/Alch       Unusable   N/A       N/A         6

Dungeon Overview and Level Annotations

Branches:
Dungeon (12/15)            Temple (0/1) D:7            Lair (0/5) D:8
    Orc (0/2) D:9          Bailey (visited)

Altars:
Fedhas
Makhleb
Okawaru
Qazlal
Ru
Uskayaw


Innate Abilities, Weirdness & Mutations

Your demonic aura sometimes causes spilled blood to erupt in flames.
You regenerate magic rapidly.
When seriously injured, your blood forms armour. (AC +6)
You have a sharp stinger which inflicts weakening toxins.


Message History

There is an open door here.
Found a stone staircase leading down.
Found an escape hatch in the ceiling.
You reach down and open the door.
You hear the beating of a very distant drum.
There is an escape hatch in the ceiling here.
You now have 686 gold pieces (gained 13).
h - 7 scrolls labelled RERITIT OLEO (gained 1)
A deep elf pyromancer and a cyclops come into view.
Found a wand of charming (5).
The deep elf pyromancer gestures at you while chanting.
The pyre arrow hits you.
You are covered in intense liquid fire!
You shake off some of the fire as you move.
The liquid fire burns you!
An acid dragon comes into view.
You shake off the liquid fire.
The acid dragon roars!
The deep elf pyromancer gestures at you while chanting.
The pyre arrow hits you.
You are covered in intense liquid fire!
You start removing your amulet.
You continue taking off the amulet of Elemental Vulnerability {rPois rF-- rC-- AC+8}.
The liquid fire burns you!
The deep elf pyromancer casts a spell at you.
The pyre arrow hits you.
You are even more covered in intense liquid fire!
You continue taking off the amulet of Elemental Vulnerability {rPois rF-- rC-- AC+8}.
The liquid fire burns you!
The deep elf pyromancer casts a spell at you.
The bolt of fire hits you!!! The fire burns you terribly!
Your blood congeals into armour.
You continue taking off the amulet of Elemental Vulnerability {rPois rF-- rC-- AC+8}.
The liquid fire burns you!
* * * LOW HITPOINT WARNING * * *
The deep elf pyromancer casts a spell.
The deep elf pyromancer blinks!
You continue taking off the amulet of Elemental Vulnerability {rPois rF-- rC-- AC+8}.
The liquid fire burns you!
You die...

#......####....#
#.............##
#......#..###.#
#.###.........#
#.............#
#####
#.....##+#...##
.... ##.##..#
#.#.# ..##..
.#.....#
#..e####...... #
.#.....#
##+#@...#
##.#..##.#
#..#.#
#..#.....#
#..#.#
#..#.....#
#D§#.+
#'##.....#
#..C.#
..<.######
#+##.. ##### ..D
... ../C


You could see a cyclops, a deep elf pyromancer and an acid dragon.

Vanquished Creatures
  Fannar (D:10)
  A boulder beetle (D:10)
  Pikel (D:4)
  A manticore (D:11)
  An elephant (D:8)
  Jeremiah (D:8)
  4 trolls
  Grinder (D:3)
  Prince Ribbit (D:8)
  Sigmund (D:2)
  21 yaks
  A shadow (D:11)
  4 wraiths
  Grum (D:8)
  A wyvern (D:10)
  7 vampire mosquitoes
  Menkaure (D:7)
  Duvessa (D:7)
  The ghost of jasper the Ducker, an amateur SpBe of Trog (D:4)
  A swamp drake (D:9)
  3 ice beasts
  11 orc warriors
  A sky beast (D:8)
  3 wolves (D:8)
  An ogre (D:9)
  2 centaurs
  4 kobold brigands
  5 bullfrogs
  3 gnoll sergeants
  5 scorpions
  4 wights (D:8)
  Dowan (D:7)
  8 killer bees (D:9)
  A jelly (D:6)
  7 hounds
  A centaur skeleton (D:4)
  6 orc priests
  4 gnoll boudas
  Jessica (D:2)
  A bullfrog skeleton (D:4)
  A sleepcap (D:5)
  4 iguanas
  12 orc wizards
  35 gnolls
  12 adders
  4 shadow imps
  6 white imps
  3 dart slugs
  A ribbon worm (D:2)
  56 orcs
  6 endoplasms
  A giant cockroach (D:1)
  5 goblins
  10 hobgoblins
  7 jackals
  6 quokkas
  6 ball pythons
  5 bats
  A frilled lizard (D:3)
  45 kobolds
  2 rats (D:1)
352 creatures vanquished.

Notes
Turn   | Place    | Note
-------+----------+-------------------------------------------
     0 | D:1      | grandjackal the Demonspawn Fighter began the quest for the
                  | Orb.
     0 | D:1      | Reached XP level 1. HP: 18/18 MP: 1/1
    73 | D:1      | Gained mutation: You have a small tail. [demonic ancestry]
    73 | D:1      | Reached XP level 2. HP: 24/24 MP: 2/2
   327 | D:1      | Gained mutation: When seriously injured, your blood forms
                  | armour. (AC +6) [demonic ancestry]
   327 | D:1      | Reached XP level 3. HP: 10/29 MP: 3/3
  1077 | D:2      | Reached XP level 4. HP: 34/35 MP: 4/4
  1082 | D:2      | Noticed Sigmund
  1099 | D:2      | Killed Sigmund
  1100 | D:2      | Reached skill level 4 in Fighting
  1100 | D:2      | Gained mutation: You have a tail ending in a sharp stinger.
                  | [demonic ancestry]
  1100 | D:2      | Reached XP level 5. HP: 22/42 MP: 5/5
  1367 | D:2      | Noticed Jessica
  1373 | D:2      | Killed Jessica
  1574 | D:2      | Reached XP level 6. HP: 49/49 MP: 6/6
  2046 | D:3      | Found a transporter.
  2174 | D:3      | Reached skill level 5 in Fighting
  2232 | D:3      | Found a transporter.
  2569 | D:3      | Noticed Grinder
  2580 | D:3      | Paralysed by Grinder for 3 turns
  2584 | D:3      | Killed Grinder
  2585 | D:3      | Gained mutation: You have a sharp stinger which inflicts
                  | weakening toxins. [demonic ancestry]
  2585 | D:3      | Reached XP level 7. HP: 32/57 MP: 7/7
  2879 | D:4      | Reached skill level 6 in Fighting
  2879 | D:4      | Reached skill level 5 in Axes
  3274 | D:4      | Found a runed translucent gate.
  3274 | D:4      | Found a runed translucent gate.
  3274 | D:4      | Found a runed translucent gate.
  3318 | D:4      | Noticed Pikel
  3348 | D:4      | Killed Pikel
  3349 | D:4      | Reached skill level 7 in Fighting
  3349 | D:4      | Gained mutation: Your demonic aura sometimes causes spilled
                  | blood to erupt in flames. [demonic ancestry]
  3349 | D:4      | Reached XP level 8. HP: 63/67 MP: 8/8
  3403 | D:4      | Noticed jasper's ghost (amateur SpBe)
  3426 | D:4      | Killed jasper's ghost
  3808 | D:5      | Entered Level 5 of the Dungeon
  4045 | D:5      | Reached skill level 8 in Fighting
  4545 | D:5      | Gained mutation: You regenerate magic rapidly. [demonic
                  | ancestry]
  4545 | D:5      | Reached XP level 9. HP: 53/75 MP: 9/9
  4929 | D:5      | Found a hide-covered altar of Uskayaw.
  5904 | D:6      | Found a stormy altar of Qazlal.
  5973 | D:6      | Found an iron altar of Okawaru.
  5979 | D:6      | Became a worshipper of Warmaster Okawaru
  6122 | D:6      | Reached skill level 9 in Fighting
  6335 | D:6      | Reached skill level 1 in Invocations
  6459 | D:6      | Found a blossoming altar of Fedhas.
  6824 | D:7      | Reached * piety under Okawaru
  7066 | D:7      | Noticed Duvessa
  7067 | D:7      | Noticed Dowan
  7079 | D:7      | Killed Dowan
  7094 | D:7      | Killed Duvessa
  7194 | D:7      | Found a staircase to the Ecumenical Temple.
  7209 | D:7      | Noticed Menkaure
  7229 | D:7      | Found a flagged portal.
  7236 | Bailey   | Entered a bailey
  7667 | Bailey   | Reached skill level 5 in Invocations
  7677 | Bailey   | Reached XP level 10. HP: 56/85 MP: 13/13
  7680 | Bailey   | Reached skill level 10 in Fighting
  7723 | Bailey   | Got the Teachings on the Mausoleum
  7871 | D:7      | Killed Menkaure
  7916 | D:7      | Identified the amulet "Ybuesomy" {RegenMP Rampage rElec
                  | Str-5 Stlth+}
  8903 | D:8      | Noticed an elephant
  8908 | D:8      | Noticed Jeremiah
  8918 | D:8      | Killed an elephant
  8918 | D:8      | Reached ** piety under Okawaru
  8925 | D:8      | Killed Jeremiah
  9071 | D:8      | Found a staircase to the Lair.
  9102 | D:8      | Found the amulet of Elemental Vulnerability {rPois rF--
                  | rC-- AC+8}
  9127 | D:8      | Noticed Grum
  9360 | D:8      | Killed Grum
  9496 | D:8      | Found a sacrificial altar of Ru.
  9620 | D:8      | Noticed Prince Ribbit
  9624 | D:8      | Killed Prince Ribbit
  9882 | D:9      | Reached skill level 11 in Fighting
 10222 | D:9      | Reached *** piety under Okawaru
 10243 | D:9      | Reached skill level 10 in Axes
 10315 | D:9      | Found a staircase to the Orcish Mines.
 10640 | D:10     | Entered Level 10 of the Dungeon
 10649 | D:10     | Reached XP level 11. HP: 46/93 MP: 17/17
 10930 | D:10     | Noticed Fannar
 10937 | D:10     | HP: 3/93 [Fannar/bolt of cold (34)]
 10950 | D:10     | Killed Fannar
 11141 | D:10     | Noticed a boulder beetle
 11162 | D:10     | Killed a boulder beetle
 11359 | D:10     | Reached **** piety under Okawaru
 11464 | D:10     | Found a burning altar of Makhleb.
 11754 | D:10     | Reached skill level 10 in Invocations
 12140 | D:11     | Reached skill level 12 in Fighting
 12726 | D:11     | Reached ***** piety under Okawaru
 13264 | D:12     | Noticed a deep elf pyromancer
 13272 | D:12     | Incinerated by a deep elf pyromancer

Illustrated notes

Levels and vault maps discovered:
D:1:      nicolae_arrival_memento_mori, layout_rooms
D:2:      minmay_skewed_foursquare, layout_basic, uniq_sigmund, uniq_jessica
D:3:      gammafunk_wand_slinger, layout_basic, kennysheep_cross_bottleneck,
          uniq_grinder
D:4:      layout_basic, gammafunk_ghost_necromancy, uniq_pikel
D:5:      layout_basic, nicolae_uskayaw_murder_on_the_dancefloor,
          kennysheep_small_square
D:6:      layout_loops_corners, okawaru_ov_weapons_minmay,
          fedhas_altar_fruit_tree, lemuel_crystal_altar, serial_rivers,
          chequers_serial_rivers_marsh, chequers_serial_rivers_large_a,
          chequers_serial_rivers_micro_c, chequers_serial_rivers_micro_b,
          chequers_serial_rivers_room_a, serial_park_tiny_2
D:7:      layout_cave_pods, minmay_temple_entry_butterflies, enter_bailey_2,
          uniq_menkaure, uniq_duvessa
D:8:      layout_rooms, mainiacjoe_overflow_brackets,
          grunt_lair_entry_orc_guard_hut, minmay_misc_feat_five,
          uniq_prince_ribbit1, uniq_jeremiah, uniq_grum
D:9:      layout_irregular_city, erik_orc_1, kennysheep_generic_room_15
D:10:     layout_loops_ring, lightli_temple_of_fire, nzn_sisyphean_effort,
          uniq_fannar
D:11:     layout_roguey, nicolae_twisty_statue_hallways
D:12:     minmay_nested_s, layout_stronghold, gauntlet_entry_generic,
          lightli_corner_chamber, uniq_sonja

Skill      XL: |  1  2  3  4  5  6  7  8  9 10 11 |
---------------+----------------------------------+-----
Axes           | 2 3 4 6 7 8 10 11 | 11.2
Shields        | 3 4 |  4.0
Armour         | 3 |  3.1
Fighting       | 4 5 7 8 9 11 12 | 12.5
Invocations    | 5 8 11 | 11.2

Action                     |  1- 3 |  4- 6 |  7- 9 | 10-12 || total
---------------------------+-------+-------+-------+-------++-------
  Melee: War axe           |   102 |    83 |   447 |     6 ||   638
         Tailslap          |     9 |     6 |    65 |    66 ||   146
         Broad axe         |       |       |       |   438 ||   438
  Throw: Boomerang         |       |    53 |     5 |       ||    58
 Invoke: Heroism           |       |       |     2 |     3 ||     5
    Use: Potion            |       |       |     3 |     3 ||     6
         Scroll            |       |       |     7 |     8 ||    15
 Armour: Scale mail        |    98 |    57 |   212 |       ||   367
         Chain mail        |       |       |   210 |     3 ||   213
         Plate armour      |       |       |       |   530 ||   530
  Dodge: Dodged            |    34 |    33 |   191 |   148 ||   406
  Block: Buckler           |    20 |    19 |   126 |   129 ||   294

Table legend: (Time is in decaauts)
 A = Elapsed time spent in this place.
 B = Non-inter-level travel time spent in this place.
 C = Inter-level travel time spent in this place.
 D = Time resting spent in this place.
 E = Time spent auto-exploring this place.
 F = Levels seen in this place.
 G = Mean time per level.
                   A        B        C        D        E       F      G
               +--------+--------+--------+--------+--------+-----+--------+
         Total |  13527 |  13133 |    394 |   2756 |   7399 |  13 | 1040.5 |
       Dungeon |  12928 |  12534 |    394 |   2618 |   7365 |  12 | 1077.3 |
        Bailey |    599 |    599 |      0 |    138 |     34 |   1 |  599.0 |
               +--------+--------+--------+--------+--------+-----+--------+

Top non-repeatable levels by time:
     D:7: 1628 daAuts
    D:10: 1410 daAuts
     D:6: 1389 daAuts
     D:2: 1302 daAuts
     D:4: 1209 daAuts
     D:5: 1206 daAuts
    D:11: 1070 daAuts
     D:8: 997 daAuts
     D:3: 933 daAuts
     D:9: 931 daAuts
     D:1: 656 daAuts
  Bailey: 599 daAuts
    D:12: 191 daAuts
